 Dungeon Crawl Stone Soup version 0.29.1-15-g9cfb28693d (webtiles) character file.

Game seed: 1117275620760866861

240 leetdood the Covered (level 5, -2/47 HPs)
             Began as a Minotaur Fighter on Mar 11, 2023.
             Was an Initiate of Okawaru.
             Slain by a gnoll bouda
             ... wielding a +0 whip
              (4 damage)
             ... on level 4 of the Dungeon.
             The game lasted 00:08:08 (2948 turns).

leetdood the Covered (Minotaur Fighter)             Turns: 2948, Time: 00:08:09

Health: -2/47      AC:  7    Str: 34    XL:     5   Next: 80%
Magic:  4/4        EV:  9    Int:  5    God:    Okawaru [......]
Gold:   103        SH:  4    Dex: 10    Spells: 4/4 levels left

rFire   . . .      SeeInvis .   a - +0 war axe
rCold   . . .      Faith    .   c - +0 buckler
rNeg    . . .      Spirit   .   b - +0 scale mail
rPois   .          Reflect  .   (helmet restricted)
rElec   .          Harm     .   (no cloak)
rCorr   .          Rampage  .   (no gloves)
Will    .....                   (no boots)
Stlth   ..........              (no amulet)
HPRegen 0.15/turn               i - +6 ring of strength
MPRegen 0.09/turn               u - +6 ring of strength

@: mighty
A: horns 2, retaliatory headbutt
a: Renounce Religion


You were on level 4 of the Dungeon.
You worshipped Okawaru.
Okawaru was noncommittal.
You visited 1 branch of the dungeon, and saw 4 of its levels.

You collected 103 gold pieces.

Inventory:

Hand Weapons
 a - a +0 war axe (weapon)
Armour
 b - a +0 scale mail (worn)
 c - a +0 buckler (worn)
Jewellery
 i - a +6 ring of strength (left hand)
 m - a +4 ring of slaying
 q - a ring of poison resistance
 u - a +6 ring of strength (right hand)
Wands
 t - a wand of iceblast (10)
Scrolls
 g - 3 scrolls of identify {unknown}
 j - a scroll of fear {unknown}
 l - a scroll of torment {unknown}
 n - 3 scrolls of fog {unknown}
 o - a scroll of poison {unknown}
 r - a scroll of immolation {unknown}
Potions
 d - 2 potions of might
 e - 3 potions of attraction {unknown}
 f - a potion of invisibility {unknown}
 h - a potion of brilliance {unknown}
 k - 2 potions of curing {unknown}
 p - a potion of degeneration {unknown}
 s - 2 potions of heal wounds {unknown}


   Skills:
 + Level 4.8 Fighting
 * Level 4.8 Axes
 + Level 4.9 Armour
 + Level 4.8 Shields


You had 4 spell levels left.
You didn't know any spells.
Your spell library contained the following spells:

 Spells                   Type           Power      Damage    Failure   Level
 Corpse Rot               Necr/Pois/Air  0%         N/A       100%        4
 Dispel Undead            Necr           0%         3d6       100%        4
 Death Channel            Necr           Unusable   N/A       N/A         6

Dungeon Overview and Level Annotations

Branches:
Dungeon (4/15)
 Temple: D:4-7

Altars:
Dithmenos
Okawaru
Ru

Annotations:
D:3 Sigmund


Innate Abilities, Weirdness & Mutations

You have a pair of horns on your head.
You reflexively headbutt those who attack you in melee.


Message History

An orc comes into view. It is wielding a +0 whip.
The orc shouts!
The orc barely misses you. You furiously retaliate!
You headbutt the orc.
The orc moves out of view.
You slash the orc!
You kill the orc!
Okawaru accepts your kill.
You slash the orc!
You kill the orc!
Okawaru accepts your kill.
The orc priest invokes the aid of Beogh against you.
Beogh smites you!
The gnoll bouda barks out a call to the hunt!
The gnolls pick up the pace!
You barely miss the orc. The orc barely misses you.
A quokka comes into view.
The orc completely misses you. You furiously retaliate!
You headbutt the orc!
You kill the orc!
Okawaru accepts your kill.
The gnoll bouda hits you with a +0 whip.
You hit the gnoll bouda. Your headbutt misses the gnoll bouda.
The gnoll bouda is moderately wounded.
You slash the gnoll!
You kill the gnoll!
Okawaru accepts your kill. You block the gnoll bouda's attack.
The orc priest calls down the wrath of Beogh upon you.
Beogh smites you! The gnoll closely misses you.
You feel very mighty all of a sudden. The gnoll bouda closely misses you.
The gnoll hits you with a +0 flail!
* * * LOW HITPOINT WARNING * * *
You are too injured to fight recklessly!
You slash the gnoll! You headbutt the gnoll.
You kill the gnoll!
Okawaru accepts your kill.
You closely miss the gnoll. You hit the gnoll bouda.
The gnoll hits you with a +1 flail of protection!
* * * LOW HITPOINT WARNING * * *
The gnoll bouda hits you with a +0 whip.
You die...

#........
#.......
#.........
#.......
#.........
#.......
#.........
#.......
#.........
#.......
#.........
#.......
#..o......
#.......
#ggogr....
#.......
#.@#####.
#.......
#..#
#.......
#..#
#.......
#..#
#.......
#..#
#.......
####
#.......
#.......
#.......
#.......


You could see a gnoll bouda, an orc priest, 2 gnolls, an orc and a quokka.

Vanquished Creatures
  A necrophage (D:4)
  Ijyb (D:3)
  6 gnolls
  An adder (D:2)
  An ufetubus (D:3)
  2 worms
  8 dart slugs
  9 orcs (D:4)
  4 ball pythons
  An endoplasm (D:1)
  A giant cockroach (D:3)
  5 goblins
  3 hobgoblins (D:1)
  2 quokkas
  8 bats
  5 frilled lizards
  10 kobolds
  4 rats
72 creatures vanquished.

Notes
Turn   | Place    | Note
-------+----------+-------------------------------------------
     0 | D:1      | leetdood the Minotaur Fighter began the quest for the Orb.
     0 | D:1      | Reached XP level 1. HP: 19/19 MP: 0/0
   161 | D:1      | Reached XP level 2. HP: 24/27 MP: 1/1
   594 | D:1      | Reached XP level 3. HP: 31/33 MP: 2/2
  1898 | D:3      | Found a sacrificial altar of Ru.
  1925 | D:3      | Reached XP level 4. HP: 40/40 MP: 3/3
  2161 | D:3      | Identified the +2 robe of Cagahoag {Int+4}
  2384 | D:3      | Found a faded altar of an unknown god.
  2475 | D:3      | Found a shadowy altar of Dithmenos.
  2493 | D:3      | Noticed Ijyb
  2502 | D:3      | Killed Ijyb
  2503 | D:3      | Reached XP level 5. HP: 36/47 MP: 4/4
  2588 | D:3      | Noticed Sigmund
  2893 | D:4      | Found an iron altar of Okawaru.
  2899 | D:4      | Became a worshipper of Warmaster Okawaru
  2948 | D:4      | HP: 2/47 [gnoll/+1 flail of protection[a gnoll bouda] (8)]
  2948 | D:4      | Slain by a gnoll bouda

Illustrated notes

Levels and vault maps discovered:
D:1:      shiori_arrival_oz, layout_loops_ring
D:2:      layout_basic
D:3:      kennysheep_slugbush, layout_loops_corners, nicolae_ru_awakened_eye,
          mainiacjoe_overflow_large_starburst,
          shapermc_ecumenical_altar_totnotflames, serial_bayou_pond_e,
          uniq_sigmund, uniq_ijyb
D:4:      layout_gridville, old_standard_altar,
          mainiacjoe_overflow_surrounded_room, grunt_ministairs_14

Skill      XL: |  1  2  3  4 |
---------------+-------------+-----
Fighting       | 4 |  4.8
Armour         | 4 |  4.9
Axes           | 3 4 |  4.8
Shields        | 4 |  4.8

Action                   |  1- 3 |  4- 6 || total
-------------------------+-------+-------++-------
Melee: War axe           |    78 |    47 ||   125
       Headbutt          |     8 |    10 ||    18
  Use: Potion            |       |     1 ||     1
Armor: Scale mail        |    44 |    19 ||    63
Dodge: Dodged            |    35 |    23 ||    58
Block: Buckler           |    20 |     8 ||    28
